 Dungeon Crawl Stone Soup version 0.31.0-32-g396128a36d (webtiles) character file.

Game seed: 11338018219633220124

216 Destapler the Insei (level 5, -1/41 HPs)
             Began as a Demonspawn Shapeshifter on Mar 17, 2024.
             Shot with a sling bullet by a goblin (6 damage)
             ... on level 3 of the Dungeon.
             The game lasted 00:02:42 (1677 turns).

Destapler the Insei (Demonspawn Shapeshifter)       Turns: 1677, Time: 00:02:43

Health: -1/41      AC:  3    Str: 14    XL:     5   Next: 61%
Magic:  14/14      EV: 12    Int: 16    God:
Gold:   83         SH:  0    Dex: 15    Spells: 4/4 levels left

rFire   . .          .
                       - Unarmed
rCold   . . .        (no shield)
rNeg    . . .        a - +1 animal skin
rPois   .            (helmet currently unavailable)
rElec   .            (cloak currently unavailable)
rCorr   .            (gloves currently unavailable)
SInv    .            (boots currently unavailable)
Will    .....        (no amulet)
Stlth   +            e - ring of magical power
HPRegen 0.26/turn    m - +6 ring of intelligence
MPRegen 0.14/turn

%: no passive effects
@: beast-form
A: beast (slay +2), hooves 2, demonic guardian 1
a: Begin Untransformation


You were on level 3 of the Dungeon.
You were a hulking beast.
You visited 1 branch of the dungeon, and saw 3 of its levels.

You collected 83 gold pieces.

Inventory:

Armour
 a - a +1 animal skin (worn)
Jewellery
 e - a ring of magical power (left hand)
 m - a +6 ring of intelligence (right hand)
Talismans
 c - a beast talisman
 d - a flux talisman
Potions
 b - a potion of enlightenment {unknown}
 g - a potion of heal wounds {unknown}
 i - a potion of degeneration {unknown}
 j - a potion of haste {unknown}
 k - a potion of mutation {unknown}


   Skills:
 + Level 3.2 Fighting
 - Level 2.0 Dodging
 + Level 3.9 Unarmed Combat
 + Level 3.7 Shapeshifting


You had 4 spell levels left.
You didn't know any spells.
Your spell library contained the following spells:

 Spells                   Type           Power      Damage    Failure   Level
 Frozen Ramparts          Ice            0%         1d1       58%         3
 Inner Flame              Hex/Fire       0%         N/A       58%         3
 Leda's Liquefaction      Alch/Erth      0%         N/A       94%         4
 Petrify                  Alch/Erth      0%         N/A       94%         4
 Irradiate                Conj/Alch      0%         3d11      100%        5
 Metabolic Englaciation   Hex/Ice        0%         N/A       100%        5
 Ignition                 Fire           0%         3d3       100%        8


Dungeon Overview and Level Annotations

Branches:
Dungeon (3/15)

Altars:


Innate Abilities, Weirdness & Mutations

You are a hulking beast.
Your limbs bulge with bestial killing power. (Slay +2)
You have hoof-like feet.
A weak demonic guardian rushes to your aid.


Message History

A goblin comes into view. It is wielding a +0 dagger.
The goblin shouts!
You hit the black bear.
You kill the black bear!
The orc completely misses you.
Your Fighting skill increases to level 3!
You have reached level 5!
Your demonic ancestry asserts itself...
You feel the presence of a demonic guardian.
You punch the orc!
You kill the orc!
You closely miss the goblin. The goblin hits you but does no damage.
You closely miss the goblin. Your kick misses the goblin.
The goblin barely misses you.
You closely miss the goblin. Your kick misses the goblin.
A goblin comes into view. It is wielding a +0 club.
The goblin hits you but does no damage.
You barely miss the goblin. Your kick misses the goblin.
The goblin hits you but does no damage.
You hit the goblin. Your kick misses the goblin.
The goblin is severely wounded.
The goblin hits you with a +0 dagger.
* * * LOW HITPOINT WARNING * * *
A demonic guardian appears!
You hit the goblin but do no damage.
The goblin is heavily wounded.
The goblin hits you but does no damage.
You closely miss the goblin. You kick the goblin.
You kill the goblin!
The goblin unwields a +0 club.
The goblin wields a +0 sling.
The goblin shoots a sling bullet.
The sling bullet hits you.
* * * LOW HITPOINT WARNING * * *
You are too injured to fight recklessly!
Found a storm talisman.
You see here a +0 dagger.
Found a dagger.
You start resting.
Your iron imp hits the goblin.
You swap places.
The goblin shoots a sling bullet.
The sling bullet hits you.
You die...

# ############ ..
#).........# #####
...###..........####....
.........$..........###
. #................##
#%..##..............#
.....#).)...........#
......gh)...........#
..)...##5.######....$.
...... ##..# #.....##
....g ##..# #.....#
#.... ..# #.....# #?#.
#... .... ..#) ... # ##.


You could see a goblin (distracted, ally target) and a friendly iron imp
(summoned).

Vanquished Creatures
  A black bear (D:3)
  An orc priest (D:3)
  Terence (D:3)
  2 adders
  A ribbon worm (D:2)
  5 orcs (D:3)
  3 endoplasms
  3 goblins
  5 hobgoblins
  6 jackals
  6 kobolds
  2 quokkas (D:1)
  2 ball pythons (D:1)
  4 bats
  4 frilled lizards
  A rat (D:1)
47 creatures vanquished.

Notes
Turn   | Place    | Note
-------+----------+-------------------------------------------
     0 | D:1      | Destapler the Demonspawn Shapeshifter began the quest for
                  | the Orb.
     0 | D:1      | Reached XP level 1. HP: 15/15 MP: 1/1
   176 | D:1      | Gained mutation: You have large cloven feet. [demonic
                  | ancestry]
   176 | D:1      | Reached XP level 2. HP: 21/21 MP: 2/2
   689 | D:2      | Gained mutation: You have hoof-like feet. [demonic
                  | ancestry]
   689 | D:2      | Reached XP level 3. HP: 25/27 MP: 3/3
  1322 | D:3      | Reached XP level 4. HP: 20/34 MP: 4/4
  1436 | D:3      | Noticed Terence
  1445 | D:3      | HP: 1/34 [Terence/+0 mace (8)]
  1448 | D:3      | Killed Terence
  1651 | D:3      | Noticed a black bear
  1664 | D:3      | Killed a black bear
  1665 | D:3      | Gained mutation: A weak demonic guardian rushes to your
                  | aid. [demonic ancestry]
  1665 | D:3      | Reached XP level 5. HP: 8/41 MP: 5/5
  1677 | D:3      | Shot with a sling bullet by a goblin

Illustrated notes

Levels and vault maps discovered:
D:1:      wander_arrival_estate, layout_rooms
D:2:      layout_basic
D:3:      layout_rooms, nicolae_dithmenos_through_a_glass_darkly,
          hellmonk_ecumenical_altar_zigzags, st_stairs_10, uniq_terence

Skill      XL: |  1  2  3  4 |
---------------+-------------+-----
Dodging        | 2 |  2.0
Unarmed Combat | 3 |  3.9
Shapeshifting  | 3 |  3.7
Fighting       | 2 3 |  3.2

Action                     |  1- 3 |  4- 6 || total
---------------------------+-------+-------++-------
  Melee: Unarmed           |    90 |    40 ||   130
         Kick              |     9 |    13 ||    22
    Use: Potion            |     1 |     2 ||     3
         Scroll            |       |     3 ||     3
   Stab: Sleeping          |     1 |       ||     1
 Armour: Animal skin       |    36 |    45 ||    81
         Skin              |    12 |       ||    12
  Dodge: Dodged            |    52 |    43 ||    95
